 Dungeon Crawl Stone Soup version 0.30.0-15-g856e2d3f33 (webtiles) character file.

Game seed: 10714565931017068590

252 Woods the Magician (level 5, -11/28 HPs)
             Began as a Deep Elf Air Elementalist on May 19, 2023.
             Blown up by Ijyb (20 damage)
             ... with a mindburst bolt
             ... on level 4 of the Dungeon.
             The game lasted 00:08:51 (3783 turns).

Woods the Magician (Deep Elf Air Elementalist)      Turns: 3783, Time: 00:08:53

Health: -11/28     AC:  4    Str:  5    XL:     5   Next: 89%
Magic:  2/13       EV: 13    Int: 22    God:
Gold:   178        SH:  0    Dex: 15    Spells: 2/12 levels left

rFire   . . .        i - staff of poison
rCold   . . .        (no shield)
rNeg    . . .        a - +0 robe
rPois   +            w - +0 helmet
rElec   .            (no cloak)
rCorr   .            (no gloves)
SInv    .            u - +0 pair of boots
Will    .....        p - amulet of the acrobat
Stlth   +++          (no ring)
HPRegen 0.24/turn    (no ring)
MPRegen 0.13/turn

%: acrobat
@: very slightly contaminated
A: no striking features
a: no special abilities


You were on level 4 of the Dungeon.
You visited 1 branch of the dungeon, and saw 4 of its levels.

You collected 178 gold pieces.

Inventory:

Armour
 a - a +0 robe (worn)
 u - a +0 pair of boots (worn)
 w - a +0 helmet (worn)
Magical Staves
 i - a staff of poison (weapon)
Jewellery
 h - a ring of flight
 p - an amulet of the acrobat (around neck)
Scrolls
 b - 3 scrolls of identify {unknown}
 c - 2 scrolls of poison {unknown}
 d - a scroll of teleportation {unknown}
 k - a scroll of noise {unknown}
 n - 2 scrolls of enchant weapon {unknown}
 q - a scroll of enchant armour {unknown}
 r - a scroll of fog {unknown}
 t - a scroll of silence {unknown}
 v - a scroll of vulnerability {unknown}
Potions
 e - 2 potions of ambrosia {unknown}
 f - a potion of haste
 g - a potion of attraction {unknown}
 j - a potion of invisibility {unknown}
 l - a potion of lignification {unknown}
 m - a potion of brilliance {unknown}
 o - a potion of degeneration {unknown}
 s - a potion of heal wounds {unknown}


   Skills:
 + Level 4.0 Dodging
 + Level 4.0 Stealth
 + Level 4.4 Spellcasting
 + Level 2.8 Conjurations
 * Level 4.2 Air Magic


You had 2 spell levels left.
You knew the following spells:

 Your Spells              Type           Power      Damage    Failure   Level
a - Shock                 Conj/Air       80%        1d8       2%          1
b - Static Discharge      Conj/Air       40%        2-4/arc   3%          2
c - Swiftness             Air            23%        N/A       6%          3
d - Airstrike             Air            11%        2d(2-18)  19%         4

Your spell library contained the following spells:

 Spells                   Type           Power      Damage    Failure   Level
 Tukima's Dance           Hex            4%         N/A       32%         3
 Passage of Golubria      Tloc           4%         N/A       71%         4
 Yara's Violent Unravell  Hex/Tmut       2%         3d3       96%         5


Dungeon Overview and Level Annotations

Branches:
Dungeon (4/15)
 Temple: D:4-7

Altars:
Wu Jian

Annotations:
D:4 Ijyb


Message History

Casting: Airstrike (extremely dangerous; 19% risk of failure)
Confirm with . or Enter, or press ? or * to list all spells.
The spell is extremely dangerous to miscast (19% risk of failure)!
Continue anyway?
Aiming: Airstrike (extremely dangerous; 19% risk of failure)
Press: ? - help, Dir - move target, f/p - Ijyb
Aim: Ijyb, wielding a +0 club, wearing a +0 leather armour and carrying a wand of mindburst (13) (moderately wounded, empty space bonus: 6/8)
You miscast Airstrike.
Nothing appears to happen.
Unknown command.
Aiming: Shock (safe; 2% risk of failure)
Press: ? - help, Q - select action, (/) - cycle Shift-Dir - straight line, f/p - Ijyb
Aim: Ijyb, wielding a +0 club, wearing a +0 leather armour and carrying a wand of mindburst (13) (moderately wounded, 64% to hit)
Okay, then.
Casting: Shock (safe; 2% risk of failure)
Confirm with . or Enter, or press ? or * to list all spells.
Ijyb is struck by an arc of lightning.
Ijyb is moderately wounded.
You are struck by an arc of lightning.
The lightning grounds out.
Ijyb screams, "No!
No, no, no, no!"
Ijyb zaps a wand.
You struggle to resist.
Casting: Static Discharge (safe; 3% risk of failure)
Confirm with . or Enter, or press ? or * to list all spells.
You don't have enough magic to cast this spell.
Unknown command.
Really attack while wielding nothing? [Y]es or [N]o only, please.
Really attack while wielding nothing? [Y]es or [N]o only, please.
Really attack while wielding nothing?
Okay, then.
i - a staff of poison (weapon)
You closely miss Ijyb.
Ijyb is moderately wounded.
Ijyb zaps a wand.
You struggle to resist.
You barely miss Ijyb.
Ijyb is moderately wounded.
Ijyb zaps a wand.
Your mind is blasted!
Ouch! That really hurt!
Ijyb zaps a wand.
Your mind is blasted!
Ouch! That really hurt!
You die...

. ### # ##.. ...####
.####.... .......#
##........ .[......
##..†...... ........
#.).g...... ........
#..@....... #.......
##..........
#....... ..
##...........
#....... ...
#............
........ #...
##............
........
#..####.............
........
#..#...............
.######.
#.)................
##
##..................
#


You could see Ijyb.

Vanquished Creatures
  An ogre (D:4)
  A hound (D:3)
  An orc wizard (D:3)
  An iguana (D:4)
  2 adders (D:2)
  A worm (D:2)
  8 orcs
  2 bats (D:1)
  2 giant cockroaches
  6 goblins
  3 hobgoblins
  3 quokkas
  5 ball pythons
  2 frilled lizards (D:1)
  9 kobolds
  5 rats
52 creatures vanquished.

Notes
Turn   | Place    | Note
-------+----------+-------------------------------------------
     0 | D:1      | Woods the Deep Elf Air Elementalist began the quest for the
                  | Orb.
     0 | D:1      | Reached XP level 1. HP: 10/10 MP: 6/6
   248 | D:1      | Reached XP level 2. HP: 15/15 MP: 5/8
   251 | D:1      | Learned a level 2 spell: Static Discharge
  1238 | D:2      | Reached XP level 3. HP: 13/19 MP: 4/9
  1536 | D:2      | You are sucked into a shaft and drop 2 floors!
  1542 | D:4      | Learned a level 3 spell: Swiftness
  1729 | D:4      | Reached XP level 4. HP: 22/24 MP: 8/11
  2188 | D:3      | Reached XP level 5. HP: 19/28 MP: 4/13
  2437 | D:3      | Found an ornate altar of the Wu Jian Council.
  3470 | D:4      | Noticed an ogre
  3481 | D:4      | Learned a level 4 spell: Airstrike
  3501 | D:4      | Killed an ogre
  3774 | D:4      | Noticed Ijyb
  3783 | D:4      | Blown up by Ijyb

Illustrated notes

Levels and vault maps discovered:
D:1:      ebering_trefoil_3fold, layout_basic, lexackson_kobold_supper
D:2:      layout_basic, nrook_mini_backslash, minmay_misc_feat_doors
D:3:      layout_basic, nzn_wu_jian_council_hall,
          corexii_item_surrounded_by_moat, chequers_serial_rivers_room_b
D:4:      layout_layer_cave, uniq_robin, uniq_ijyb

Skill      XL: |  1  2  3  4  5 |
---------------+----------------+-----
Stealth        | 3 4 |  4.0
Dodging        | 3 4 |  4.0
Conjurations   | 2 |  2.8
Spellcasting   | 4 |  4.4
Air Magic      | 4 |  4.2

Action                     |  1- 3 |  4- 6 || total
---------------------------+-------+-------++-------
  Melee: Unarmed           |     9 |     4 ||    13
         Staff             |       |     2 ||     2
   Cast: Shock             |    46 |    47 ||    93
         Static Discharge  |    12 |    16 ||    28
    Use: Potion            |       |     2 ||     2
 Armour: Robe              |     1 |     3 ||     4
  Dodge: Dodged            |    17 |    14 ||    31
